| TOP OF THE 1ST |
|
Decatur Commodores batting - Pitching for Wisconsin Rapids Timber Rattlers : LHP Jesus Sausedo
|
|
Pitching: LHP Jesus Sausedo
|
|
|
Batting: LHB Alexis Marte
|
0-0: Foul Ball, location: 2F 0-1: Foul Ball, location: 2F 0-2: Ball 1-2: Ball 2-2: Fly out, F6 (Flyball, 6D, EV 88.1 MPH)
|
|
Batting: SHB Roger Holt
|
0-0: Ball 1-0: Swinging Strike 1-1: Called Strike 1-2: SINGLE (Groundball, 3D, EV 98.1 MPH)
|
|
Batting: SHB Rondin Johnson
|
0-0: Ball 1-0: Ball 2-0: Ball 3-0: Called Strike 3-1: Swinging Strike 3-2: Foul Ball, location: 2F 3-2: Grounds into double play, 6-4-3 (Groundball, 56, EV 80.0 MPH)
|
| Top of the 1st over - 0 runs, 1 hit, 0 errors, 0 left on base; Decatur 0 - Wisconsin Rapids 0 |
| BOTTOM OF THE 1ST |
|
Wisconsin Rapids Timber Rattlers batting - Pitching for Decatur Commodores : RHP Rafael Vasquez
|
|
Pitching: RHP Rafael Vasquez
|
|
|
Batting: RHB Tim Pyznarski
|
0-0: Foul Ball, location: 2F 0-1: Ball 1-1: Foul Ball, location: 2F 1-2: SINGLE (Flyball, 34D, EV 89.4 MPH)
|
|
Batting: RHB Jim Presley
|
0-0: Called Strike 0-1: Swinging Strike 0-2: Foul Ball, location: 2F 0-2: Foul Ball, location: 2F 0-2: Ball 1-2: Ball 2-2: Ball 3-2: DOUBLE (Line Drive, 7LS, EV 105.0 MPH) Tim Pyznarski to third
|
|
Batting: LHB Dion James
|
0-0: Ball 1-0: Called Strike 1-1: SINGLE (Groundball, 34D, EV 103.1 MPH) Tim Pyznarski scores Jim Presley to third Runner from 3rd tries for Home, SAFE, throw by RF to home
|
|
Batting: LHB Greg Smith
|
0-0: Ball 1-0: Foul Ball, location: 2F 1-1: Ball 2-1: Ball 3-1: Foul Ball, location: 2F 3-2: Foul Ball, location: 2F 3-2: Base on Balls Dion James to second
|
|
Batting: LHB Matt Hall
|
0-0: Swinging Strike 0-1: Foul Ball, location: 2F 0-2: Strikes out swinging
|
|
Batting: RHB Darryl Motley
|
0-0: Ball 1-0: Foul Ball, location: 2F 1-1: Ball 2-1: Swinging Strike 2-2: Foul Ball, location: 2F 2-2: Fly out, F7 (Flyball, 78S, EV 91.3 MPH)
|
|
Batting: RHB Al Pedrique
|
0-0: Ball 1-0: Ball 2-0: Ball 3-0: Foul Ball, location: 2F 3-1: Foul Ball, location: 2F 3-2: Strikes out looking
|
| Bottom of the 1st over - 2 runs, 3 hits, 0 errors, 2 left on base; Decatur 0 - Wisconsin Rapids 2 |
| TOP OF THE 2ND |
|
Decatur Commodores batting - Pitching for Wisconsin Rapids Timber Rattlers : LHP Jesus Sausedo
|
|
Batting: RHB Clifton Wilder
|
0-0: Reached on error, E6 (Groundball, 6, EV 87.5 MPH)
|
|
Batting: SHB Daniel Wieser
|
0-0: Ball 1-0: Swinging Strike 1-1: Called Strike 1-2: Ball 2-2: Foul Ball, location: 2F 2-2: Ball 3-2: Base on Balls Clifton Wilder to second
|
|
Batting: LHB Jerry Miller
|
0-0: Called Strike 0-1: Foul Ball, location: 2F 0-2: Fielders Choice at 2nd, 3-6 (Groundball, 34, EV 79.4 MPH) Clifton Wilder to third
|
|
Batting: RHB Michael Melton
|
0-0: Fly out, F8 (Flyball, 78D, EV 99.4 MPH)
|
|
Batting: LHB Samuel Taves
|
0-0: Ball 1-0: Fly out, F6 (Popup, 6MD, EV 50.0 MPH)
|
| Top of the 2nd over - 0 runs, 0 hits, 1 error, 2 left on base; Decatur 0 - Wisconsin Rapids 2 |
| BOTTOM OF THE 2ND |
|
Wisconsin Rapids Timber Rattlers batting - Pitching for Decatur Commodores : RHP Rafael Vasquez
|
|
Batting: SHB Jose Uribe
|
0-0: Fly out, F5 (Popup, 25, EV 83.8 MPH)
|
|
Batting: RHB Phil Lombardi
|
0-0: Called Strike 0-1: Foul Ball, location: 2F 0-2: Ball 1-2: Foul Ball, location: 2F 1-2: Foul Ball, location: 2F 1-2: Ground out 1-3 (Groundball, 15S, EV 68.8 MPH)
|
|
Batting: RHB Tim Pyznarski
|
0-0: Ball 1-0: Ball 2-0: Ball 3-0: Called Strike 3-1: Foul Ball, location: 2F 3-2: SINGLE (Line Drive, 5D, EV 95.6 MPH)
|
|
Batting: RHB Jim Presley
|
0-0: Called Strike 0-1: Ball 1-1: Ball 2-1: Foul Ball, location: 2F 2-2: Foul Ball, location: 2F 2-2: Strikes out swinging
|
| Bottom of the 2nd over - 0 runs, 1 hit, 0 errors, 1 left on base; Decatur 0 - Wisconsin Rapids 2 |
| TOP OF THE 3RD |
|
Decatur Commodores batting - Pitching for Wisconsin Rapids Timber Rattlers : LHP Jesus Sausedo
|
|
Batting: RHB Rafael Sanchez
|
0-0: Ground out 6-3 (Groundball, 6, EV 78.8 MPH)
|
|
Batting: LHB Alexis Marte
|
0-0: Ball 1-0: Ball 2-0: Ball 3-0: Called Strike 3-1: SINGLE (Groundball, 56, EV 98.1 MPH)
|
|
Batting: SHB Roger Holt
|
0-0: Fly out, F7 (Flyball, 7LS, EV 84.4 MPH)
|
|
Batting: SHB Rondin Johnson
|
0-0: Ball 1-0: Ball Alexis Marte steals 2nd base 2-0: Ground out 4-3 (Groundball, 34, EV 88.8 MPH)
|
| Top of the 3rd over - 0 runs, 1 hit, 0 errors, 1 left on base; Decatur 0 - Wisconsin Rapids 2 |
| BOTTOM OF THE 3RD |
|
Wisconsin Rapids Timber Rattlers batting - Pitching for Decatur Commodores : RHP Rafael Vasquez
|
|
Batting: LHB Dion James
|
0-0: Foul Ball, location: 2F 0-1: Ball 1-1: Called Strike 1-2: Ball 2-2: Foul Ball, location: 2F 2-2: Ball 3-2: Base on Balls
|
|
Batting: LHB Greg Smith
|
0-0: Foul Ball, location: 2F 0-1: Called Strike 0-2: Ball 1-2: SINGLE (Groundball, 6M, EV 110.6 MPH) (infield hit) Dion James to second
|
|
Batting: LHB Matt Hall
|
0-0: Fly out, F8 (Flyball, 8RXD, EV 83.8 MPH) Runner from 2nd tags up, SAFE at 3rd, no throw by CF
|
|
Batting: RHB Darryl Motley
|
0-0: Ball Greg Smith is caught stealing 2nd base 2-4 1-0: Swinging Strike 1-1: Ball 2-1: Swinging Strike 2-2: Fly out, F8 (Flyball, 8RD, EV 88.1 MPH)
|
| Bottom of the 3rd over - 0 runs, 1 hit, 0 errors, 1 left on base; Decatur 0 - Wisconsin Rapids 2 |
| TOP OF THE 4TH |
|
Decatur Commodores batting - Pitching for Wisconsin Rapids Timber Rattlers : LHP Jesus Sausedo
|
|
Batting: RHB Clifton Wilder
|
0-0: Swinging Strike 0-1: Foul Ball, location: 2F 0-2: Ball 1-2: Strikes out looking
|
|
Batting: SHB Daniel Wieser
|
0-0: Called Strike 0-1: Called Strike 0-2: Foul Ball, location: 2F 0-2: Ball 1-2: Ball 2-2: SINGLE (Groundball, 6MD, EV 98.1 MPH)
|
|
Batting: LHB Jerry Miller
|
0-0: Called Strike 0-1: Fielders Choice at 2nd, 5-4 (Groundball, 56, EV 105.0 MPH)
|
|
Batting: RHB Michael Melton
|
0-0: Swinging Strike 0-1: Called Strike 0-2: Ball 1-2: Ball 2-2: Fly out, F4 (Flyball, 4D, EV 88.1 MPH)
|
| Top of the 4th over - 0 runs, 1 hit, 0 errors, 1 left on base; Decatur 0 - Wisconsin Rapids 2 |
| BOTTOM OF THE 4TH |
|
Wisconsin Rapids Timber Rattlers batting - Pitching for Decatur Commodores : RHP Rafael Vasquez
|
|
Batting: RHB Al Pedrique
|
0-0: Swinging Strike 0-1: Ball 1-1: Ball 2-1: Swinging Strike 2-2: Ball 3-2: Strikes out swinging
|
|
Batting: SHB Jose Uribe
|
0-0: Ball 1-0: Foul Ball, location: 2F 1-1: Ground out 6-3 (Groundball, 6, EV 84.4 MPH)
|
|
Batting: RHB Phil Lombardi
|
0-0: Called Strike 0-1: Swinging Strike 0-2: Ground out 5-3 (Groundball, 56, EV 100.6 MPH)
|
| Bottom of the 4th over - 0 runs, 0 hits, 0 errors, 0 left on base; Decatur 0 - Wisconsin Rapids 2 |
| TOP OF THE 5TH |
|
Decatur Commodores batting - Pitching for Wisconsin Rapids Timber Rattlers : LHP Jesus Sausedo
|
|
Batting: LHB Samuel Taves
|
0-0: Ground out 1-3 (Groundball, 13S, EV 71.9 MPH)
|
|
Batting: RHB Rafael Sanchez
|
0-0: Swinging Strike 0-1: Called Strike 0-2: Fly out, F8 (Flyball, 78D, EV 102.5 MPH)
|
|
Batting: LHB Alexis Marte
|
0-0: Ball 1-0: Swinging Strike 1-1: Fly out, F6 (Popup, 6S, EV 62.5 MPH)
|
| Top of the 5th over - 0 runs, 0 hits, 0 errors, 0 left on base; Decatur 0 - Wisconsin Rapids 2 |
| BOTTOM OF THE 5TH |
|
Wisconsin Rapids Timber Rattlers batting - Pitching for Decatur Commodores : RHP Rafael Vasquez
|
|
Batting: RHB Tim Pyznarski
|
0-0: Ball 1-0: Called Strike 1-1: Foul Ball, location: 2F 1-2: Foul Ball, location: 2F 1-2: Reaches on Catchers interference
|
|
Pitching: RHP William Martin
|
|
|
Batting: RHB Jim Presley
|
0-0: Ball Tim Pyznarski is caught stealing 2nd base 2-4 1-0: Swinging Strike 1-1: Swinging Strike 1-2: Ball 2-2: SOLO HOME RUN (Flyball, 78XD, EV 107.5 MPH), Distance : 432 ft
|
|
Batting: LHB Dion James
|
0-0: Called Strike 0-1: Ball 1-1: Foul Ball, location: 2F 1-2: Ball 2-2: Ball 3-2: Base on Balls
|
|
Batting: LHB Greg Smith
|
0-0: Swinging Strike 0-1: Ball 1-1: Ball 2-1: Ball 3-1: Fly out, F7 (Line Drive, 7, EV 92.5 MPH)
|
|
Batting: LHB Matt Hall
|
0-0: Foul Ball, location: 2F 0-1: DOUBLE (Line Drive, 5D, EV 93.8 MPH) Dion James to third Runner from 3rd tries for Home, SAFE, throw by LF to home
|
|
Batting: RHB Darryl Motley
|
0-0: Ground out U3 (Groundball, 34, EV 100.6 MPH)
|
| Bottom of the 5th over - 2 runs, 2 hits, 1 error, 1 left on base; Decatur 0 - Wisconsin Rapids 4 |
| TOP OF THE 6TH |
|
Decatur Commodores batting - Pitching for Wisconsin Rapids Timber Rattlers : LHP Jesus Sausedo
|
|
Batting: SHB Roger Holt
|
0-0: Called Strike 0-1: Foul Ball, location: 2F 0-2: Ball 1-2: Foul Ball, location: 2F 1-2: Ball 2-2: Ball 3-2: Base on Balls
|
|
Batting: SHB Rondin Johnson
|
0-0: Called Strike 0-1: Ball 1-1: Fly out, F9 (Flyball, 9S, EV 89.4 MPH)
|
|
Batting: RHB Clifton Wilder
|
0-0: Fly out, F4 (Popup, 4S, EV 78.8 MPH)
|
|
Batting: SHB Daniel Wieser
|
0-0: Ball 1-0: Foul Ball, location: 2F 1-1: Foul Ball, location: 2F 1-2: SINGLE (Groundball, 25, EV 69.4 MPH) (infield hit) Roger Holt to second
|
|
Batting: LHB Jerry Miller
|
0-0: Called Strike 0-1: Ball 1-1: Fielders Choice at 2nd, 6-4 (Groundball, 6, EV 102.5 MPH)
|
| Top of the 6th over - 0 runs, 1 hit, 0 errors, 2 left on base; Decatur 0 - Wisconsin Rapids 4 |
| BOTTOM OF THE 6TH |
|
Wisconsin Rapids Timber Rattlers batting - Pitching for Decatur Commodores : RHP William Martin
|
|
Batting: RHB Al Pedrique
|
0-0: Ground out 5-3 (Groundball, 56, EV 81.9 MPH)
|
|
Batting: SHB Jose Uribe
|
0-0: Ball 1-0: Ball 2-0: Ground out 4-3 (Groundball, 4, EV 92.5 MPH)
|
|
Batting: RHB Phil Lombardi
|
0-0: Ball 1-0: Ball 2-0: Foul Ball, location: 2F 2-1: Ball 3-1: Base on Balls
|
|
Batting: RHB Tim Pyznarski
|
0-0: Foul Ball, location: 2F 0-1: Called Strike 0-2: SINGLE (Line Drive, 89M, EV 89.4 MPH) Phil Lombardi to second Runner from 2nd tries for 3rd, SAFE, throw by RF made to third Tim Pyznarski to second
|
|
Batting: RHB Jim Presley
|
0-0: Ball 1-0: Ball 2-0: Foul Ball, location: 2F 2-1: Ball 3-1: Base on Balls
|
|
Pitching: RHP Ty Hubbard
|
|
|
Batting: LHB Dion James
|
0-0: Called Strike 0-1: Ball 1-1: Ball 2-1: Fly out, F9 (Flyball, 9, EV 95.6 MPH)
|
| Bottom of the 6th over - 0 runs, 1 hit, 0 errors, 3 left on base; Decatur 0 - Wisconsin Rapids 4 |
| TOP OF THE 7TH |
|
Decatur Commodores batting - Pitching for Wisconsin Rapids Timber Rattlers : LHP Jesus Sausedo
|
|
Batting: RHB Michael Melton
|
0-0: Ball 1-0: Foul Ball, location: 2F 1-1: Ground out 6-3 (Groundball, 6, EV 85.0 MPH)
|
|
Batting: LHB Samuel Taves
|
0-0: Ball 1-0: Called Strike 1-1: Ball 2-1: Foul Ball, location: 2F 2-2: Foul Ball, location: 2F 2-2: Ball 3-2: Foul Ball, location: 2F 3-2: Foul Ball, location: 2F 3-2: Ground out 4-3 (Groundball, 4, EV 83.8 MPH)
|
|
Batting: RHB Rafael Sanchez
|
0-0: Called Strike 0-1: Ground out U3 (Groundball, 13, EV 87.5 MPH)
|
| Top of the 7th over - 0 runs, 0 hits, 0 errors, 0 left on base; Decatur 0 - Wisconsin Rapids 4 |
| BOTTOM OF THE 7TH |
|
Wisconsin Rapids Timber Rattlers batting - Pitching for Decatur Commodores : RHP Ty Hubbard
|
|
Batting: LHB Greg Smith
|
0-0: Ground out 6-3 (Groundball, 6S, EV 70.6 MPH)
|
|
Batting: LHB Matt Hall
|
0-0: Swinging Strike 0-1: Ball 1-1: SINGLE (Groundball, 4D, EV 95.0 MPH)
|
|
Batting: RHB Darryl Motley
|
0-0: Ball 1-0: DOUBLE (Line Drive, 9LS, EV 100.6 MPH) Matt Hall to third
|
|
Batting: RHB Al Pedrique
|
0-0: Foul Ball, location: 2F 0-1: Ball 1-1: 3-RUN HOME RUN (Flyball, 9D, EV 103.8 MPH), Distance : 376 ft
|
|
Batting: SHB Jose Uribe
|
0-0: Called Strike 0-1: Ball 1-1: Ball 2-1: Ground out 4-3 (Groundball, 4, EV 80.0 MPH)
|
|
Batting: RHB Phil Lombardi
|
0-0: Ball 1-0: Ball 2-0: Foul Ball, location: 2F 2-1: Foul Ball, location: 2F 2-2: Ball 3-2: Foul Ball, location: 2F 3-2: Base on Balls
|
|
Pinch Hitting: RHB Justin Andrews
|
0-0: Ball 1-0: Called Strike 1-1: Ball 2-1: Fielders Choice at 2nd, 6-4 (Groundball, 6, EV 98.8 MPH)
|
| Bottom of the 7th over - 3 runs, 3 hits, 0 errors, 1 left on base; Decatur 0 - Wisconsin Rapids 7 |
| TOP OF THE 8TH |
|
Decatur Commodores batting - Pitching for Wisconsin Rapids Timber Rattlers : LHP Jesus Sausedo
|
|
Now at 3B: Richard Lane
|
|
|
Batting: LHB Alexis Marte
|
0-0: Ball 1-0: Ball 2-0: Called Strike 2-1: Ball 3-1: Called Strike 3-2: Foul Ball, location: 2F 3-2: Foul Ball, location: 2F 3-2: Foul Ball, location: 2F 3-2: Ground out 4-3 (Groundball, 4, EV 83.1 MPH)
|
|
Pitching: RHP Thomas Banducci
|
|
|
Batting: SHB Roger Holt
|
0-0: SINGLE (Groundball, 34S, EV 68.1 MPH) (infield hit)
|
|
Batting: SHB Rondin Johnson
|
0-0: Ball 1-0: Ball 2-0: SINGLE (Groundball, 4MD, EV 103.1 MPH) Roger Holt to second
|
|
Batting: RHB Clifton Wilder
|
0-0: SINGLE (Line Drive, 89S, EV 103.8 MPH) Roger Holt to third Rondin Johnson to second Runner from 3rd tries for Home, SAFE, throw by RF to home
|
|
Batting: SHB Daniel Wieser
|
0-0: Ball 1-0: Called Strike 1-1: Ball 2-1: Ball 3-1: Base on Balls Rondin Johnson to third Clifton Wilder to second
|
|
Batting: LHB Jerry Miller
|
0-0: Swinging Strike 0-1: Ball 1-1: Called Strike 1-2: Ball 2-2: Ball 3-2: SINGLE (Groundball, 34D, EV 84.4 MPH) (infield hit) Rondin Johnson scores Clifton Wilder to third Daniel Wieser to second
|
|
Batting: RHB Michael Melton
|
0-0: Called Strike 0-1: Swinging Strike 0-2: Ball 1-2: Strikes out swinging
|
|
Batting: LHB Samuel Taves
|
0-0: Fly out, F5 (Popup, 5SF, EV 78.8 MPH)
|
| Top of the 8th over - 2 runs, 4 hits, 0 errors, 3 left on base; Decatur 2 - Wisconsin Rapids 7 |
| BOTTOM OF THE 8TH |
|
Wisconsin Rapids Timber Rattlers batting - Pitching for Decatur Commodores : RHP Ty Hubbard
|
|
Batting: RHB Jim Presley
|
0-0: DOUBLE (Flyball, 9LD, EV 107.5 MPH)
|
|
Batting: LHB Dion James
|
0-0: Ball 1-0: Called Strike 1-1: Ball Jim Presley steals 3rd base 2-1: Fly out, F8 (Flyball, 8RD, EV 99.4 MPH) Runner from 3rd tags up, SCORES, no throw by CF
|
|
Pitching: RHP Luis DeLeon
|
|
|
Batting: LHB Greg Smith
|
0-0: Called Strike 0-1: SINGLE (Line Drive, 3D, EV 99.4 MPH)
|
|
Batting: LHB Matt Hall
|
0-0: Ball 1-0: DOUBLE (Line Drive, 8LXD, EV 104.4 MPH) Greg Smith to third Runner from 3rd tries for Home, SAFE, no throw by CF
|
|
Pinch Hitting: LHB Jerry George
|
0-0: Ball 1-0: Ball 2-0: Foul Ball, location: 2F 2-1: Swinging Strike 2-2: Ball 3-2: SINGLE (Groundball, 34D, EV 99.4 MPH) Matt Hall to third Runner from 3rd tries for Home, SAFE, throw by RF to home
|
|
Batting: RHB Al Pedrique
|
0-0: Called Strike 0-1: Ground out 4-3 (Groundball, 4M, EV 76.3 MPH) Jerry George to second
|
|
Batting: SHB Jose Uribe
|
0-0: Foul Ball, location: 2F 0-1: Fly out, F7 (Line Drive, 7D, EV 90.0 MPH)
|
| Bottom of the 8th over - 3 runs, 4 hits, 0 errors, 1 left on base; Decatur 2 - Wisconsin Rapids 10 |
| TOP OF THE 9TH |
|
Decatur Commodores batting - Pitching for Wisconsin Rapids Timber Rattlers : RHP Thomas Banducci
|
|
Now in RF: Jerry George
|
|
|
Batting: RHB Rafael Sanchez
|
0-0: Ball 1-0: Ground out 4-3 (Groundball, 13, EV 92.5 MPH)
|
|
Batting: LHB Alexis Marte
|
0-0: Foul Ball, location: 2F 0-1: Ground out 6-3 (Groundball, 56, EV 102.5 MPH)
|
|
Batting: SHB Roger Holt
|
0-0: SINGLE (Line Drive, 4D, EV 98.8 MPH)
|
|
Batting: SHB Rondin Johnson
|
0-0: Swinging Strike 0-1: Called Strike 0-2: Ball 1-2: Ball 2-2: Foul Ball, location: 2F 2-2: Foul Ball, location: 2F 2-2: Fly out, F7 (Line Drive, 7, EV 91.3 MPH)
|
| Top of the 9th over - 0 runs, 1 hit, 0 errors, 1 left on base; Decatur 2 - Wisconsin Rapids 10 |
|